[ AOE2 MATCH · #477483757 ]
Team RMByzantines vs Goths
[ REPLAY ANALYSIS · EXTRACTED FROM THE RECORDED GAME ]
Feudal
14:41
Castle
20:41
Imperial
—
| APM avg | 27.6 |
| APM peak | 73 |
| eAPM avg | 12.8 |
| Villagers / military | 49 / 0 |
Focus
⚔️ 8.4% · 🌾 91.6%
Feudal
13:09
Castle
29:55
Imperial
—
| APM avg | 20.8 |
| APM peak | 79 |
| eAPM avg | 11.0 |
| Villagers / military | 59 / 37 |
Focus
⚔️ 24.8% · 🌾 75.2%
Militia ×37
Feudal
—
Castle
—
Imperial
—
| APM avg | 6.0 |
| APM peak | 30 |
| eAPM avg | 3.2 |
| Villagers / military | 29 / 0 |
Focus
⚔️ 11.2% · 🌾 88.8%
Feudal
11:07
Castle
23:11
Imperial
—
| APM avg | 42.6 |
| APM peak | 77 |
| eAPM avg | 16.3 |
| Villagers / military | 45 / 24 |
Focus
⚔️ 19.9% · 🌾 80.1%
Archer ×14 · Militia ×10
Match map
Initial resources + every placement click. Lines = walls · curves = elevation contours. ◆ gold · ⬟ stone · ● berries · ✦ relic · ◌ wall gap
Your base
denveurs61's base
Ccow6's base
funkmartin's base· Open — unwalled flank
Smoothed initial terrain · ◌ = detected wall gap · hover for details
Inputs per minute
— Mask - - denveurs61
Build order — Mask
97 actions detected in the replay
| 0:02 | Build | House |
| 0:06 | Create | Villager (Male) |
| 0:06 | Create | Villager (Male) |
| 0:06 | Create | Villager (Male) |
| 0:12 | Create | Villager (Male) |
| 0:12 | Create | Villager (Male) |
| 0:50 | Build | House |
| 1:22 | Create | Villager (Male) |
| 1:22 | Create | Villager (Male) |
| 1:56 | Build | House |
| 2:46 | Build | House |
| 3:02 | Create | Villager (Male) |
| 3:02 | Create | Villager (Male) |
| 3:02 | Create | Villager (Male) |
| 3:02 | Create | Villager (Male) |
| 3:08 | Build | House |
| 3:17 | Create | Villager (Male) |
| 3:18 | Create | Villager (Male) |
| 3:49 | Build | House |
| 3:55 | Create | Villager (Male) |
| 3:55 | Create | Villager (Male) |
| 3:56 | Create | Villager (Male) |
| 5:04 | Create | Villager (Male) |
| 5:04 | Create | Villager (Male) |
| 5:13 | Create | Villager (Male) |
| 5:53 | Build | Lumber Camp |
| 5:57 | Create | Villager (Male) |
| 5:58 | Create | Villager (Male) |
| 6:32 | Create | Villager (Male) |
| 6:55 | Build | Mill |
| 7:34 | Create | Villager (Male) |
| 8:32 | Create | Villager (Male) |
| 9:35 | Research | Loom |
| 9:37 | Create | Villager (Male) |
| 9:37 | Create | Villager (Male) |
| 10:49 | Create | Villager (Male) |
| 10:50 | Create | Villager (Male) |
| 10:50 | Create | Villager (Male) |
| 10:50 | Create | Villager (Male) |
| 10:50 | Create | Villager (Male) |
| 10:51 | Create | Villager (Male) |
| 10:51 | Create | Villager (Male) |
| 10:59 | Build | Mill |
| 11:03 | Create | Villager (Male) |
| 11:55 | Build | Lumber Camp |
| 12:09 | Create | Villager (Male) |
| 12:09 | Create | Villager (Male) |
| 12:23 | Research | Feudal Age |
| 13:02 | Create | Villager (Male) |
| 13:02 | Create | Villager (Male) |
| 13:29 | Build | Mining Camp |
| 13:50 | Create | Villager (Male) |
| 13:50 | Create | Villager (Male) |
| 14:41 | Age | Feudal Age |
| 14:45 | Create | Villager (Male) |
| 14:45 | Create | Villager (Male) |
| 15:25 | Build | Mill |
| 15:36 | Build | Farm |
| 15:37 | Build | Farm |
| 15:38 | Build | Farm |
| 15:39 | Build | Farm |
| 15:40 | Build | Farm |
| 15:41 | Build | Farm |
| 15:42 | Build | Farm |
| 15:49 | Build | Market |
| 15:53 | Build | Blacksmith |
| 16:32 | Build | Watch Tower |
| 16:50 | Build | Barracks |
| 16:55 | Create | Villager (Male) |
| 16:55 | Create | Villager (Male) |
| 18:01 | Research | Castle Age |
| 18:08 | Build | House |
| 18:09 | Build | House |
| 18:09 | Build | House |
| 18:09 | Build | House |
| 18:09 | Build | House |
| 18:10 | Build | House |
| 18:11 | Build | House |
| 18:11 | Build | House |
| 18:12 | Build | House |
| 18:12 | Build | House |
| 18:12 | Build | House |
| 18:12 | Build | House |
| 18:12 | Build | House |
| 19:32 | Build | Mining Camp |
| 20:41 | Age | Castle Age |
| 21:11 | Build | Town Center |
| 21:39 | Create | Villager (Male) |
| 21:39 | Create | Villager (Male) |
| 21:39 | Create | Villager (Male) |
| 22:36 | Build | Town Center |
| 22:46 | Build | House |
| 22:46 | Build | House |
| 22:46 | Build | House |
| 22:47 | Build | House |
| 22:52 | Create | Villager (Male) |
| 22:52 | Create | Villager (Male) |
Build order — denveurs61
First 150 of 158 actions detected
| 0:03 | Build | House |
| 0:06 | Build | House |
| 0:08 | Create | Villager (Male) |
| 0:08 | Create | Villager (Male) |
| 0:09 | Create | Villager (Male) |
| 0:41 | Create | Villager (Male) |
| 0:42 | Create | Villager (Male) |
| 1:38 | Create | Villager (Male) |
| 1:39 | Create | Villager (Male) |
| 1:55 | Build | Lumber Camp |
| 2:10 | Create | Villager (Male) |
| 2:20 | Create | Villager (Male) |
| 2:21 | Create | Villager (Male) |
| 2:52 | Create | Villager (Male) |
| 2:53 | Create | Villager (Male) |
| 3:14 | Create | Villager (Male) |
| 3:14 | Create | Villager (Male) |
| 3:37 | Build | Mill |
| 3:40 | Research | Loom |
| 3:41 | Create | Villager (Male) |
| 3:58 | Create | Villager (Male) |
| 3:59 | Create | Villager (Male) |
| 4:03 | Build | House |
| 4:35 | Create | Villager (Male) |
| 4:47 | Create | Villager (Male) |
| 5:21 | Create | Villager (Male) |
| 5:21 | Create | Villager (Male) |
| 5:30 | Create | Villager (Male) |
| 5:51 | Build | House |
| 5:55 | Create | Villager (Male) |
| 6:08 | Build | Mining Camp |
| 6:22 | Create | Villager (Male) |
| 6:43 | Create | Villager (Male) |
| 7:05 | Build | Palisade Wall |
| 7:15 | Create | Villager (Male) |
| 7:39 | Create | Villager (Male) |
| 7:40 | Create | Villager (Male) |
| 7:51 | Build | House |
| 8:14 | Create | Villager (Male) |
| 8:18 | Build | Farm |
| 8:20 | Create | Villager (Male) |
| 8:23 | Build | Farm |
| 8:41 | Build | Building 800 |
| 8:49 | Create | Villager (Male) |
| 8:52 | Build | Farm |
| 9:03 | Create | Villager (Male) |
| 9:17 | Create | Villager (Male) |
| 9:22 | Build | Farm |
| 9:33 | Build | Farm |
| 10:35 | Create | Villager (Male) |
| 10:36 | Create | Villager (Male) |
| 10:36 | Create | Villager (Male) |
| 10:36 | Create | Villager (Male) |
| 10:47 | Research | Feudal Age |
| 11:00 | Create | Villager (Male) |
| 11:02 | Build | Farm |
| 11:21 | Build | Barracks |
| 11:39 | Build | House |
| 12:01 | Create | Villager (Male) |
| 12:16 | Build | House |
| 12:17 | Build | House |
| 12:18 | Build | House |
| 12:22 | Create | Militia |
| 12:22 | Create | Militia |
| 12:22 | Create | Militia |
| 12:28 | Create | Villager (Male) |
| 12:50 | Build | Farm |
| 12:52 | Create | Villager (Male) |
| 13:02 | Build | Mining Camp |
| 13:09 | Age | Feudal Age |
| 13:38 | Research | Man-at-Arms (upgrade) |
| 13:39 | Create | Militia |
| 13:39 | Create | Militia |
| 13:39 | Create | Militia |
| 13:40 | Create | Militia |
| 13:46 | Build | House |
| 13:53 | Create | Villager (Male) |
| 13:53 | Create | Villager (Male) |
| 13:59 | Research | Wheelbarrow |
| 14:02 | Research | Double-Bit Axe |
| 14:06 | Build | Farm |
| 14:11 | Create | Villager (Male) |
| 14:26 | Create | Villager (Male) |
| 14:27 | Create | Villager (Male) |
| 14:37 | Build | Farm |
| 14:46 | Build | House |
| 15:01 | Create | Villager (Male) |
| 15:12 | Build | Farm |
| 15:34 | Build | Blacksmith |
| 15:59 | Build | Mining Camp |
| 16:03 | Create | Villager (Male) |
| 16:10 | Create | Militia |
| 16:10 | Create | Militia |
| 16:10 | Create | Militia |
| 16:10 | Create | Militia |
| 16:11 | Create | Militia |
| 16:22 | Research | Scale Mail Armor |
| 16:23 | Research | Forging |
| 16:27 | Create | Villager (Male) |
| 16:27 | Create | Villager (Male) |
| 16:34 | Build | Farm |
| 16:36 | Build | Farm |
| 16:38 | Create | Villager (Male) |
| 17:05 | Create | Villager (Male) |
| 17:36 | Create | Villager (Male) |
| 17:47 | Create | Militia |
| 17:48 | Create | Militia |
| 18:22 | Create | Militia |
| 18:22 | Create | Militia |
| 18:36 | Build | House |
| 18:37 | Build | House |
| 18:39 | Build | House |
| 18:46 | Create | Villager (Male) |
| 18:53 | Research | Horse Collar |
| 21:02 | Create | Militia |
| 21:02 | Create | Militia |
| 21:02 | Create | Militia |
| 21:03 | Create | Militia |
| 21:03 | Create | Militia |
| 21:03 | Create | Militia |
| 21:13 | Create | Villager (Male) |
| 21:13 | Create | Villager (Male) |
| 21:13 | Create | Villager (Male) |
| 21:17 | Build | House |
| 21:18 | Build | House |
| 21:20 | Build | House |
| 21:21 | Build | House |
| 21:32 | Build | Market |
| 21:38 | Create | Villager (Male) |
| 21:38 | Create | Villager (Male) |
| 24:06 | Create | Militia |
| 24:06 | Create | Militia |
| 24:07 | Create | Militia |
| 24:07 | Create | Militia |
| 24:07 | Create | Militia |
| 25:31 | Build | House |
| 25:32 | Build | House |
| 25:33 | Build | House |
| 25:34 | Build | House |
| 27:08 | Create | Militia |
| 27:09 | Create | Militia |
| 27:09 | Create | Militia |
| 27:09 | Create | Militia |
| 27:09 | Create | Militia |
| 27:10 | Create | Militia |
| 27:10 | Create | Militia |
| 27:10 | Create | Militia |
| 27:15 | Research | Castle Age |
| 27:23 | Build | Lumber Camp |
| 28:01 | Build | Mining Camp |
Build order — Ccow6
47 actions detected in the replay
| 1:33 | Build | House |
| 1:34 | Build | House |
| 1:36 | Create | Villager (Male) |
| 1:36 | Create | Villager (Male) |
| 1:36 | Create | Villager (Male) |
| 1:58 | Create | Villager (Male) |
| 3:09 | Create | Villager (Male) |
| 3:24 | Build | Lumber Camp |
| 4:00 | Create | Villager (Male) |
| 4:00 | Create | Villager (Male) |
| 4:45 | Create | Villager (Male) |
| 4:45 | Create | Villager (Male) |
| 5:18 | Create | Villager (Male) |
| 5:36 | Create | Villager (Male) |
| 5:49 | Build | Lumber Camp |
| 5:57 | Build | House |
| 6:39 | Build | Palisade Wall |
| 6:45 | Build | House |
| 6:51 | Build | Building 800 |
| 7:09 | Create | Villager (Male) |
| 7:09 | Create | Villager (Male) |
| 7:09 | Create | Villager (Male) |
| 7:20 | Build | Mill |
| 7:38 | Create | Villager (Male) |
| 15:13 | Build | Palisade Wall |
| 15:17 | Build | Outpost |
| 15:21 | Build | House |
| 15:23 | Build | House |
| 15:33 | Create | Villager (Male) |
| 15:34 | Create | Villager (Male) |
| 15:34 | Create | Villager (Male) |
| 15:34 | Create | Villager (Male) |
| 15:35 | Create | Villager (Male) |
| 15:35 | Create | Villager (Male) |
| 15:35 | Create | Villager (Male) |
| 15:36 | Create | Villager (Male) |
| 15:36 | Create | Villager (Male) |
| 15:36 | Create | Villager (Male) |
| 16:28 | Build | House |
| 16:35 | Build | House |
| 16:36 | Build | House |
| 17:21 | Build | Lumber Camp |
| 17:41 | Build | Mining Camp |
| 17:42 | Create | Villager (Male) |
| 17:42 | Create | Villager (Male) |
| 17:43 | Create | Villager (Male) |
| 17:43 | Create | Villager (Male) |
Build order — funkmartin
138 actions detected in the replay
| 0:00 | Create | Villager (Male) |
| 0:00 | Create | Villager (Male) |
| 0:01 | Create | Villager (Male) |
| 0:01 | Create | Villager (Male) |
| 0:02 | Build | House |
| 0:04 | Build | House |
| 1:30 | Create | Villager (Male) |
| 1:30 | Create | Villager (Male) |
| 2:02 | Create | Villager (Male) |
| 2:16 | Create | Villager (Male) |
| 2:49 | Create | Villager (Male) |
| 2:50 | Create | Villager (Male) |
| 3:03 | Research | Loom |
| 3:03 | Create | Villager (Male) |
| 3:04 | Create | Villager (Male) |
| 3:35 | Build | House |
| 3:41 | Build | Lumber Camp |
| 3:44 | Create | Villager (Male) |
| 4:04 | Create | Villager (Male) |
| 4:39 | Create | Villager (Male) |
| 5:42 | Create | Villager (Male) |
| 5:42 | Create | Villager (Male) |
| 6:14 | Build | Mill |
| 6:19 | Create | Villager (Male) |
| 6:20 | Create | Villager (Male) |
| 6:45 | Create | Villager (Male) |
| 7:04 | Create | Villager (Male) |
| 8:02 | Create | Villager (Male) |
| 8:05 | Build | House |
| 8:08 | Build | House |
| 8:11 | Create | Villager (Male) |
| 8:12 | Create | Villager (Male) |
| 8:36 | Build | Barracks |
| 8:57 | Research | Feudal Age |
| 8:57 | Research | Feudal Age |
| 9:06 | Build | Palisade Wall |
| 9:25 | Create | Villager (Male) |
| 9:25 | Create | Villager (Male) |
| 9:49 | Build | Palisade Wall |
| 10:03 | Build | Palisade Wall |
| 10:31 | Build | Mining Camp |
| 11:07 | Age | Feudal Age |
| 11:08 | Create | Villager (Male) |
| 11:08 | Create | Villager (Male) |
| 11:08 | Create | Villager (Male) |
| 11:19 | Create | Villager (Male) |
| 11:22 | Research | Double-Bit Axe |
| 11:39 | Build | Archery Range |
| 12:07 | Create | Villager (Male) |
| 12:17 | Build | Mining Camp |
| 12:26 | Create | Villager (Male) |
| 12:40 | Build | Blacksmith |
| 12:52 | Create | Villager (Male) |
| 13:11 | Create | Archer |
| 13:11 | Create | Archer |
| 13:12 | Create | Archer |
| 13:31 | Build | House |
| 13:32 | Build | House |
| 13:38 | Create | Villager (Male) |
| 14:38 | Build | Palisade Wall |
| 14:54 | Create | Archer |
| 15:01 | Build | Watch Tower |
| 15:16 | Build | Farm |
| 15:18 | Build | Farm |
| 15:19 | Create | Villager (Male) |
| 15:19 | Create | Villager (Male) |
| 15:37 | Create | Archer |
| 15:37 | Create | Archer |
| 15:46 | Build | Farm |
| 15:51 | Create | Villager (Male) |
| 15:55 | Build | Farm |
| 15:55 | Build | Farm |
| 15:56 | Build | Farm |
| 16:03 | Research | Horse Collar |
| 16:05 | Create | Villager (Male) |
| 16:11 | Build | Farm |
| 16:34 | Build | House |
| 16:46 | Build | Farm |
| 16:47 | Create | Villager (Male) |
| 18:12 | Build | Barracks |
| 18:18 | Build | Farm |
| 18:21 | Build | Farm |
| 18:22 | Create | Villager (Male) |
| 18:22 | Create | Villager (Male) |
| 18:29 | Create | Archer |
| 18:29 | Create | Archer |
| 18:30 | Create | Archer |
| 19:31 | Build | Farm |
| 19:33 | Build | Farm |
| 19:38 | Build | House |
| 19:40 | Research | Man-at-Arms (upgrade) |
| 19:57 | Build | House |
| 19:57 | Build | House |
| 19:58 | Build | House |
| 19:58 | Build | House |
| 19:58 | Build | House |
| 19:58 | Build | House |
| 20:07 | Build | Market |
| 20:11 | Build | House |
| 20:27 | Create | Archer |
| 20:27 | Create | Archer |
| 20:31 | Research | Castle Age |
| 21:01 | Build | House |
| 21:08 | Research | Man-at-Arms (upgrade) |
| 21:12 | Create | Archer |
| 21:50 | Build | House |
| 21:55 | Create | Militia |
| 21:55 | Create | Militia |
| 21:56 | Create | Militia |
| 22:00 | Create | Archer |
| 22:00 | Create | Archer |
| 22:36 | Build | Palisade Wall |
| 22:42 | Build | Palisade Wall |
| 23:08 | Create | Villager (Male) |
| 23:09 | Create | Villager (Male) |
| 23:09 | Create | Villager (Male) |
| 23:10 | Create | Villager (Male) |
| 23:11 | Age | Castle Age |
| 24:08 | Build | Castle |
| 24:40 | Create | Militia |
| 24:41 | Create | Militia |
| 24:41 | Create | Militia |
| 24:45 | Research | Long Swordsman (upgrade) |
| 24:45 | Create | Militia |
| 24:46 | Create | Militia |
| 24:46 | Create | Militia |
| 24:46 | Create | Militia |
| 24:49 | Research | Forging |
| 24:52 | Research | Fletching |
| 25:47 | Research | Crossbowman (upgrade) |
| 26:49 | Build | Castle |
| 27:36 | Research | Iron Casting |
| 27:37 | Research | Bodkin Arrow |
| 28:20 | Build | Stable |
| 28:20 | Build | Stable |
| 28:20 | Build | Stable |
| 29:03 | Research | Imperial Age |
| 29:03 | Research | Imperial Age |
Match timeline
| 6:39 | Ccow6 · wall_segment Palisade Wall x14 |
| 7:05 | denveurs61 · wall_segment Palisade Wall x16 |
| 8:36 | funkmartin · first_building Barracks |
| 9:06 | funkmartin · wall_segment Palisade Wall x3 |
| 9:49 | funkmartin · wall_segment Palisade Wall x3 |
| 10:03 | funkmartin · wall_segment Palisade Wall x3 |
| 11:07 | funkmartin · age_up feudal |
| 11:21 | denveurs61 · first_building Barracks |
| 11:39 | funkmartin · first_building Archery Range |
| 13:09 | denveurs61 · age_up feudal |
| 14:38 | funkmartin · wall_segment Palisade Wall x2 |
| 14:41 | Mask · age_up feudal |
| 15:13 | Ccow6 · wall_segment Palisade Wall x3 |
| 16:50 | Mask · first_building Barracks |
| 18:00 | Mask · first_market_sell 100 food |
| 20:41 | Mask · age_up castle |
| 20:59 | Mask · first_market_buy 100 wood |
| 22:36 | funkmartin · wall_segment Palisade Wall x6 |
| 22:42 | funkmartin · wall_segment Palisade Wall x6 |
| 23:11 | funkmartin · age_up castle |
| 23:12 | Mask · resign |
| 24:08 | funkmartin · first_building Castle |
| 28:20 | funkmartin · first_building Stable |
| 28:39 | funkmartin · first_market_buy 100 food |
| 29:55 | denveurs61 · age_up castle |
[ AI ANALYSIS · 1 CREDIT ]
What really happened in this match?
Wolo.gg analyzes every decision: build order, eco, micro, common mistakes by bracket. Personalized analysis on WhatsApp or Discord in 30 seconds.
Civ guide
Byzantines
Map guide
Amazon Tunnel
Perfil
Jugador #730258